 Dungeon Crawl Stone Soup version 0.30-a0-757-ga6a79fd877 (webtiles) character file.

Game seed: 1710464046325014300

5572 bande the Cleaver (level 10, 0/63 HPs)
             Began as a Gargoyle Fighter on Feb 9, 2023.
             Was an Elder of Okawaru.
             Slain by a gargoyle
             ... wielding a +0 mace
              (16 damage)
             ... on level 11 of the Dungeon on Feb 10, 2023.
             The game lasted 00:11:32 (6774 turns).

bande the Cleaver (Gargoyle Fighter)                Turns: 6774, Time: 00:11:33

Health: 0/63       AC: 23    Str: 20    XL:     10   Next: 72%
Magic:  14/14      EV: 11    Int:  9    God:    Okawaru [****..]
Gold:   328        SH:  5    Dex: 13    Spells: 9/9 levels left

rFire   . . .      SeeInvis .    a - +0 war axe (flame)
rCold   . . .      Faith    .    c - +0 buckler
rNeg    + . .      Spirit   .    o - +0 plate armour
rPois   ∞          Reflect  .    e - +1 helmet
rElec   +          Harm     .    u - +0 cloak
rCorr   .          Rampage  .    (no gloves)
Will    .....                    (no boots) Stlth
                                 (no amulet)
HPRegen 0.30/turn                g - +4 ring of slaying
MPRegen 0.14/turn                q - +5 ring of evasion

@: mighty
A: sickness immunity, AC +7, negative energy resistance 1, electricity
resistance, torment resistance 1, petrification resistance
a: Renounce Religion, Heroism, Finesse


You were on level 11 of the Dungeon.
You worshipped Okawaru.
Okawaru was greatly pleased with you.
You visited 1 branch of the dungeon, and saw 10 of its levels.

You collected 328 gold pieces.

Inventory:

Hand Weapons
 a - a +0 war axe of flaming (weapon)
Missiles
 l - 3 throwing nets (quivered)
Armour
 c - a +0 buckler (worn)
 e - a +1 helmet (worn)
 o - a +0 plate armour (worn)
 u - a +0 cloak (worn)
Jewellery
 b - a ring of positive energy
 g - a +4 ring of slaying (left hand)
 q - a +5 ring of evasion (right hand)
 r - a +6 ring of intelligence
 w - a ring of magical power
 A - an amulet of the acrobat
Wands
 f - a wand of polymorph (12)
 x - a wand of iceblast (5)
 y - a wand of flame (18)
Scrolls
 j - 2 scrolls of silence
 n - 7 scrolls of identify
 p - 2 scrolls of amnesia
 s - 2 scrolls of fear
 t - 6 scrolls of teleportation
 z - a scroll of poison
Potions
 d - a potion of might
 h - 2 potions of cancellation
 i - a potion of flight
 k - a potion of brilliance
 m - a potion of curing
 v - a potion of heal wounds {unknown}


   Skills:
 + Level 7.1 Fighting
 + Level 9.4 Axes
 + Level 6.9 Armour
 + Level 6.0 Shields
 * Level 5.8 Invocations
 * Level 5.0 Evocations


You had 9 spell levels left.
You didn't know any spells.
Your spell library contained the following spells:

 Spells                   Type           Power      Damage    Failure   Level
 Magic Dart               Conj           0%         1d3       100%        1
 Wereblood                Tmut           0%         N/A       100%        2
 Dazzling Flash           Conj/Hex       0%         N/A       100%        3
 Frozen Ramparts          Ice            0%         1d1       100%        3
 Hailstorm                Conj/Ice       0%         3d3       100%        3
 Mephitic Cloud           Conj/Pois/Air  0%         N/A       100%        3
 Ice Form                 Ice/Tmut       0%         N/A       100%        4
 Iskenderun's Mystic Bla  Conj/Tloc      0%         2d3       100%        4
 Starburst                Conj/Fire      0%         6d3       100%        6
 Call Imp                 Summ           Unusable   N/A       N/A         2
 Sublimation of Blood     Necr           Unusable   N/A       N/A         2
 Summon Ice Beast         Ice/Summ       Unusable   N/A       N/A         4
 Simulacrum               Ice/Necr       Unusable   N/A       N/A         6
 Summon Hydra             Summ           Unusable   N/A       N/A         7

Dungeon Overview and Level Annotations

Branches:
Dungeon (11/15)            Temple (0/1) D:6            Lair (0/5) D:10
    Orc: D:9-12

Altars:
Dithmenos
Gozag
Kikubaaqudgha
Okawaru
Qazlal
Ru
Trog
Vehumet
Wu Jian
Zin

Shops:
D:7 [(


Innate Abilities, Weirdness & Mutations

You are immune to sickness and miasma.
Your stone body is resilient. (AC +7)
You are immune to poison.
You resist negative energy. (rN+)
You are resistant to electric shocks. (rElec)
You are resistant to unholy torment.
You are immune to petrification.


Message History

You hit the two-headed ogre. You burn the two-headed ogre.
The two-headed ogre is almost dead.
You barely miss the gargoyle.
The gargoyle hurls a stone arrow at you.
The stone arrow hits you but does no damage.
You block the two-headed ogre's attack. x2
You slash the two-headed ogre! You burn the two-headed ogre.
You kill the two-headed ogre!
Okawaru is honoured by your kill.
You hit the gargoyle but do no damage. The gargoyle hits you with a +0 mace!
* * * LOW HITPOINT WARNING * * *
Your Shields skill increases to level 6!
Your Evocations skill increases to level 5!
The gargoyle hurls a stone arrow at you.
The stone arrow hits you but does no damage.
Things that are here:
a +0 giant club; a +0 giant club You feel better.
The gargoyle hits you but does no damage.
You feel very mighty all of a sudden. The gargoyle closely misses you.
You hit the gargoyle. You burn the gargoyle.
The gargoyle is lightly damaged.
The gargoyle hits you but does no damage.
You block the gargoyle's attack.
You slash the gargoyle! You burn the gargoyle.
The gargoyle is heavily damaged.
The gargoyle hits you with a +0 mace.
* * * LOW HITPOINT WARNING * * *
You hit the gargoyle. You burn the gargoyle.
The gargoyle is severely damaged.
The gargoyle hurls a stone arrow at you.
The stone arrow misses you.
You hit the gargoyle. You burn the gargoyle.
The gargoyle is almost destroyed.
The gargoyle closely misses you.
You hit the gargoyle but do no damage.
The gargoyle is almost destroyed.
The gargoyle hits you with a +0 mace!
You die...

.................(..####.###
##...###..###.##....# #...#
#....###......##....# #.###
..........### ##....# #.#
#.........# ##....####.#####
#....###..# ..............#
.....# #..# #.#..####.#####
#....# # #.#.........#
#...... #@<.........#
........ .......9...####.#.#
#.##.### #..........# #.....
.. ............. ..#.###
##...?.....######.#
#........># # #.........#
#.........#


You could see a gargoyle.

Vanquished Creatures
  A two-headed ogre (D:11)
  Pikel (D:7)
  Joseph (D:7)
  2 hornets
  Sigmund (D:2)
  Grum (D:8)
  3 steam dragons
  Menkaure (D:7)
  3 orc warriors
  2 ice beasts
  2 sky beasts
  2 black bears
  2 ogres
  2 centaurs
  2 wolves (D:8)
  3 lemures (D:7)
  A phantom (D:4)
  2 kobold brigands (D:6)
  5 bullfrogs
  2 necrophages
  A gnoll sergeant (D:6)
  A scorpion (D:5)
  6 killer bees (D:8)
  A gnoll bouda (D:6)
  4 orc priests
  A hound (D:5)
  3 jellies
  3 iguanas
  3 orc wizards
  7 gnolls (D:6)
  3 adders
  A shadow imp (D:8)
  2 ufetubi
  2 worms (D:2)
  4 dart slugs
  25 orcs
  7 bats
  2 endoplasms
  3 giant cockroaches
  7 goblins
  7 hobgoblins
  6 jackals
  8 quokkas
  8 ball pythons
  4 frilled lizards
  15 kobolds
  23 rats
196 creatures vanquished.

Vanquished Creatures (others)
  A human (D:5)
  A bush (D:7)
  A plant (D:7)
3 creatures vanquished.

Grand Total: 199 creatures vanquished

Notes
Turn   | Place    | Note
-------+----------+-------------------------------------------
     0 | D:1      | bande the Gargoyle Fighter began the quest for the Orb.
     0 | D:1      | Reached XP level 1. HP: 14/14 MP: 1/1
    66 | D:1      | Reached XP level 2. HP: 19/19 MP: 2/2
   198 | D:1      | Found a faded altar of an unknown god.
   205 | D:1      | Reached skill level 2 in Axes
   403 | D:1      | Reached XP level 3. HP: 23/23 MP: 3/3
   633 | D:2      | Noticed Sigmund
   642 | D:2      | Killed Sigmund
   643 | D:2      | Reached skill level 3 in Axes
   643 | D:2      | Reached XP level 4. HP: 29/29 MP: 4/4
   643 | D:2      | Reached XP level 5. HP: 33/33 MP: 5/5
  1481 | D:3      | Reached XP level 6. HP: 38/38 MP: 6/6
  2101 | D:4      | Reached skill level 4 in Axes
  2178 | D:4      | Noticed a black bear
  2182 | D:4      | Killed a black bear
  2183 | D:4      | Reached XP level 7. HP: 44/44 MP: 7/7
  2343 | D:4      | Reached skill level 5 in Axes
  2624 | D:4      | Found an iron altar of Okawaru.
  2629 | D:4      | Reached skill level 1 in Evocations
  2632 | D:4      | Reached skill level 5 in Armour
  2635 | D:4      | Became a worshipper of Warmaster Okawaru
  2832 | D:5      | Entered Level 5 of the Dungeon
  3318 | D:5      | Reached skill level 1 in Invocations
  3428 | D:5      | Found a bloodstained altar of Trog.
  3435 | D:5      | Reached XP level 8. HP: 48/48 MP: 7/9
  3446 | D:5      | Reached * piety under Okawaru
  3447 | D:5      | Reached skill level 5 in Fighting
  3515 | D:5      | Found an ancient bone altar of Kikubaaqudgha.
  3568 | D:5      | Reached skill level 6 in Axes
  3752 | D:6      | Found a staircase to the Ecumenical Temple.
  3788 | D:6      | Reached skill level 5 in Shields
  4106 | D:6      | Found a radiant altar of Vehumet.
  4279 | D:6      | Reached XP level 9. HP: 53/54 MP: 11/11
  4303 | D:6      | Found an opulent altar of Gozag.
  4303 | D:6      | Found a glowing silver altar of Zin.
  4561 | D:7      | Reached ** piety under Okawaru
  4562 | D:7      | Reached skill level 7 in Axes
  4605 | D:7      | Noticed Menkaure
  4609 | D:7      | Killed Menkaure
  4656 | D:7      | Noticed Joseph
  4676 | D:7      | Killed Joseph
  4851 | D:7      | Found Fiowagul's Antique Armour Shop.
  4855 | D:7      | Noticed Pikel
  4863 | D:7      | Killed Pikel
  4863 | D:7      | Reached *** piety under Okawaru
  4864 | D:7      | Reached skill level 8 in Axes
  4937 | D:7      | Found Agi Joivio's Antique Weapon Shop.
  4943 | D:7      | Identified the +4 rapier of Neuzi {protect, rC+ Str+2 Dex+2
                  | Stlth+}
  4952 | D:7      | Found an ornate altar of the Wu Jian Council.
  5309 | D:7      | Reached XP level 10. HP: 52/61 MP: 13/13
  5673 | D:8      | Reached skill level 5 in Invocations
  5909 | D:8      | Found a shadowy altar of Dithmenos.
  6058 | D:8      | Noticed Grum
  6079 | D:8      | Killed Grum
  6311 | D:8      | Reached skill level 9 in Axes
  6337 | D:8      | Reached **** piety under Okawaru
  6409 | D:8      | Found a sacrificial altar of Ru.
  6409 | D:8      | Found a stormy altar of Qazlal.
  6686 | D:8      | You fall into a shaft and drop 3 floors!
  6752 | D:11     | Noticed a gargoyle
  6753 | D:11     | Noticed a two-headed ogre
  6756 | D:10     | Entered Level 10 of the Dungeon
  6756 | D:10     | Found a staircase to the Lair.
  6766 | D:11     | Killed a two-headed ogre
  6767 | D:11     | Reached skill level 5 in Evocations
  6774 | D:11     | Slain by a gargoyle

Illustrated notes

Levels and vault maps discovered:
D:1:      onia_arrival_pyramid, layout_basic, ebering_ecumenical_altar_mist
D:2:      layout_basic, uniq_sigmund
D:3:      layout_basic
D:4:      minmay_angry_zag, layout_cave_pools,
          hellmonk_okawaru_the_only_friend_you_need, minmay_rat_hole
D:5:      layout_loops_corners, tgw_kikubaaqudgha, mainiacjoe_overflow_brackets
D:6:      layout_loops_ring, grunt_temple_overflow_gold_and_silver,
          mainiacjoe_overflow_paths, minmay_temple_entry_butterflies
D:7:      layout_loops_cross, mainiacjoe_overflow_cross_hatched, serial_glass,
          glass_columns_b, glass_columns_a, serial_shops,
          nicolae_shop_overgrown_old_shop, shop, reono_crystal_passage,
          kb_lookout_dungeons_type, uniq_pikel, uniq_menkaure, uniq_joseph
D:8:      layout_gridville, overflow_temple_1_default,
          gammafunk_temple_overflow_pools, uniq_grum
D:10:     layout_irregular_city, erik_lair_orcish_takeover, enter_trove_2,
          minmay_mirror_moons_of_madness
D:11:     layout_basic, minmay_tree_intersection

Skill      XL: |  1  2  3  4  5  6  7  8  9 10 |
---------------+-------------------------------+-----
Axes           | 2 3 4 5 6 8 9 |  9.4
Fighting       | 4 5 6 7 |  7.1
Armour         | 4 5 6 |  6.9
Shields        | 4 5 6 |  6.0
Evocations     | 1 2 4 5 |  5.0
Invocations    | 1 3 4 5 |  5.8

Action                     |  1- 3 |  4- 6 |  7- 9 | 10-12 || total
---------------------------+-------+-------+-------+-------++-------
  Melee: War axe           |    56 |    79 |   216 |    79 ||   430
    Use: Scroll            |       |     9 |     5 |       ||    14
         Potion            |       |       |     1 |     2 ||     3
 Armour: Scale mail        |    36 |    23 |       |       ||    59
         Chain mail        |       |    13 |    20 |       ||    33
         Plate armour      |       |       |   122 |    74 ||   196
  Dodge: Dodged            |    28 |    26 |    90 |    76 ||   220
  Block: Buckler           |    14 |    16 |    64 |    41 ||   135

Table legend: (Time is in decaauts)
 A = Elapsed time spent in this place.
 B = Non-inter-level travel time spent in this place.
 C = Inter-level travel time spent in this place.
 D = Time resting spent in this place.
 E = Time spent auto-exploring this place.
 F = Levels seen in this place.
 G = Mean time per level.
                   A        B        C        D        E       F      G
               +--------+--------+--------+--------+--------+-----+--------+
         Total |   6882 |   6785 |     97 |    971 |   4588 |  10 |  688.2 |
       Dungeon |   6882 |   6785 |     97 |    971 |   4588 |  10 |  688.2 |
               +--------+--------+--------+--------+--------+-----+--------+

Top non-repeatable levels by time:
     D:8: 1079 daAuts
     D:7: 1072 daAuts
     D:5: 923 daAuts
     D:2: 874 daAuts
     D:6: 818 daAuts
     D:4: 816 daAuts
     D:3: 618 daAuts
     D:1: 591 daAuts
    D:11: 85 daAuts
    D:10: 3 daAuts
